 Dungeon Crawl Stone Soup version 0.28-a0-561-gc72452776e (webtiles) character file.

Game seed: 16363848597176714554

125 1994 the Chopper (level 4, -3/38 HPs)
             Began as a Minotaur Gladiator on Sept 29, 2021.
             Killed from afar by Sigmund (7 damage)
             ... with a magic dart
             ... on level 2 of the Dungeon.
             The game lasted 00:03:36 (1597 turns).

1994 the Chopper (Minotaur Gladiator)               Turns: 1597, Time: 00:03:37

Health: -3/38      AC:  4    Str: 20    XL:     4   Next: 82%
Magic:  3/3        EV: 12    Int:  5    God:
Gold:   81         SH:  0    Dex: 11    Spells: 3/3 levels left

rFire   . . .      SeeInvis .   a - +0 war axe
rCold   . . .      Faith    .   (no shield)
rNeg    . . .      Spirit   .   b - +0 leather armour
rPois   .          Reflect  .   c - +0 hat
rElec   .          Harm     .   g - +0 cloak
rCorr   .          Rampage  .   (no gloves)
Will    .....                   (no boots)
Stlth   +.........              (no amulet)
HPRegen 0.12/turn               (no ring)
MPRegen 0.08/turn               (no ring)

@: confused
A: horns 2, retaliatory headbutt
a: no special abilities


You were on level 2 of the Dungeon.
You visited 1 branch of the dungeon, and saw 2 of its levels.

You collected 81 gold pieces.

Inventory:

Hand Weapons
 a - a +0 war axe (weapon)
Missiles
 d - 3 throwing nets (quivered)
 h - 9 stones
Armour
 b - a +0 leather armour (worn)
 c - a +0 hat (worn)
 g - a +0 cloak (worn)
Scrolls
 i - a scroll of teleportation {unknown}
 l - a scroll of noise {unknown}
Potions
 e - a potion of heal wounds {unknown}
 f - a potion of might {unknown}
 j - 2 potions of flight {unknown}
 k - a potion of curing {unknown}


   Skills:
 + Level 3.5 Fighting
 * Level 4.8 Axes
 + Level 2.7 Throwing
 + Level 1.8 Armour
 + Level 3.9 Dodging


You had 3 spell levels left.
You didn't know any spells.
Your spell library contained the following spells:

 Spells                   Type           Power      Damage    Failure   Level
 Corpse Rot               Necr/Air       N/A        N/A       67%         2
 Poisonous Vapours        Pois/Air       0%         N/A       67%         2


Dungeon Overview and Level Annotations

Branches:
Dungeon (2/15)

Altars:

Annotations:
D:2 Sigmund


Innate Abilities, Weirdness & Mutations

You have a pair of horns on your head.
You reflexively headbutt those who attack you in melee.


Message History

No target in view!
You see here a rat corpse.
You see here a +0 club.
Things that are here:
a +0 club; a +0 club
There is a fountain of clear blue water here.
You see here 6 gold pieces.
Sigmund is nearby!
Sigmund is nearby!
Sigmund is nearby!
You enter the shallow water.
Moving in this stuff is going to be slow.
Sigmund shouts!
You aren't carrying any items that you can evoke.
Unknown command.
Sigmund casts a spell.
Sigmund flickers and vanishes!
Deactivating autopickup; reactivate with Ctrl-A.
You are confused.
You bump into the rock wall.
You bump into the rock wall.
You bump into the rock wall.
You feel less confused.
You hear some strange, mumbled words.
You are confused.
You miss something. Something hits you.
You hear some strange, mumbled words.
You are more confused.
Something hits you!
You miss something. Something hits you. Something hits you!
* * * LOW HITPOINT WARNING * * *
You bump into the rock wall.
Something hits you.
* * * LOW HITPOINT WARNING * * *
You're too confused to move!
You barely miss something. Your headbutt misses something.
You hear some strange, mumbled words.
A magic dart appears from out of thin air!
The magic dart hits you!
You die...

#.......⌠≈≈..............##.##.#†
#....$.≈≈⌠........#...#..##.##...
##....≈....≈≈.......#.#..^.....##
#....≈..≈≈..≈..#..............#
#.....≈≈....≈..#...####.#####.#
#.........≈≈...#.### #.#####.#
#........≈≈....#.# #....##.#
#.###≈≈≈≈≈≈###{#.### #.##.##.# ##
##≈≈≈≈####.@...# #.#.#.#.#
#######.##.....# #..###..#
#.....#.##.....# ###.#.###
##......##.....# ##.##
##...####.....# #.#
###...############## #.#
#.......# #.. .># #.# #.....).#
#.# #.# #>#
#......(####.#####.###.#


There were no monsters in sight!

Vanquished Creatures
  A scorpion (D:2)
  Robin (D:2)
  2 dart slugs (D:1)
  5 ball pythons
  3 endoplasms
  5 giant cockroaches
  10 goblins
  8 hobgoblins
  4 jackals (D:2)
  5 bats (D:1)
  A kobold (D:2)
  3 rats (D:2)
48 creatures vanquished.

Notes
Turn   | Place    | Note
-------+----------+-------------------------------------------
     0 | D:1      | 1994 the Minotaur Gladiator began the quest for the Orb.
     0 | D:1      | Reached XP level 1. HP: 18/18 MP: 0/0
    64 | D:1      | Reached XP level 2. HP: 23/25 MP: 1/1
   308 | D:1      | Reached skill level 4 in Axes
   798 | D:2      | Reached XP level 3. HP: 27/31 MP: 2/2
   803 | D:2      | Noticed Robin
   812 | D:2      | Reached skill level 1 in Armour
   821 | D:2      | Killed Robin
   999 | D:2      | Noticed Sigmund
  1187 | D:2      | Noticed a scorpion
  1193 | D:2      | Killed a scorpion
  1194 | D:2      | Reached XP level 4. HP: 25/38 MP: 3/3
  1597 | D:2      | Killed from afar by Sigmund

Illustrated notes

Levels and vault maps discovered:
D:1:      lightli_arrival_maybe_door_vault, layout_basic
D:2:      cheibrodos_helix_gallery, layout_loops_cross,
          nicolae_underground_beach, uniq_sigmund, uniq_robin

Skill      XL: |  1  2  3 |
---------------+----------+-----
Fighting       | 3 |  3.5
Axes           | 4 |  4.8
Armour         | 1 |  1.8
Throwing       | |  2.7
Dodging        | |  3.9

Action                   |  1- 3 |  4- 6 || total
-------------------------+-------+-------++-------
Melee: War axe           |    56 |    13 ||    69
       Headbutt          |     8 |       ||     8
 Stab: Sleeping          |     1 |       ||     1
Armor: Leather armour    |    21 |     3 ||    24
Dodge: Dodged            |    42 |     4 ||    46

Table legend: (Time is in decaauts)
 A = Elapsed time spent in this place.
 B = Non-inter-level travel time spent in this place.
 C = Inter-level travel time spent in this place.
 D = Time resting spent in this place.
 E = Time spent auto-exploring this place.
 F = Levels seen in this place.
 G = Mean time per level.
                   A        B        C        D        E       F      G
               +--------+--------+--------+--------+--------+-----+--------+
         Total |   1620 |   1513 |    107 |    432 |    763 |   2 |  810.0 |
       Dungeon |   1620 |   1513 |    107 |    432 |    763 |   2 |  810.0 |
               +--------+--------+--------+--------+--------+-----+--------+

Top non-repeatable levels by time:
     D:1: 896 daAuts
     D:2: 724 daAuts
